 Dungeon Crawl Stone Soup version 0.21-a0-329-g12f17e1 (webtiles) character file.

4550 nikopol the Thaumaturge (level 10, -4/52 HPs)
             Began as a Deep Elf Fire Elementalist on Oct 1, 2017.
             Was a Priest of Sif Muna.
             Slain by a hornet (15 damage)
             ... on level 9 of the Dungeon.
             The game lasted 00:40:52 (9705 turns).

nikopol the Thaumaturge (DEFE)                      Turns: 9705, Time: 00:40:52

Health: -4/52      AC:  4    Str:  5    XL:     10   Next: 17%
Magic:  22/27      EV: 15    Int: 28    God:    Sif Muna [***...]
Gold:   326        SH:  4    Dex: 15    Spells: 15/31 levels left

rFire    . . .     SeeInvis .   q - +2 short sword (venom)
rCold    + . .     Gourm    .   (no shield)
rNeg     . . .     Faith    .   a - +0 robe
rPois    .         Spirit   .   (no helmet)
rElec    .         Reflect  +   (no cloak)
rCorr    .         Harm     .   y - +1 pair of gloves {archery}
MR       +....                  (no boots)
Stlth    +++.......             v - +4 amulet of reflection
HPRegen  0.17/turn              u - +4 ring of intelligence
MPRegen  0.20/turn              M - ring of protection from cold

@: lethally poisoned (-4 -> -28), slowed, very slow
A: no striking features
a: Divine Energy, Channel Magic, Renounce Religion


You were on level 9 of the Dungeon.
You worshipped Sif Muna.
Sif Muna was most pleased with you.
You were very hungry.

You visited 2 branches of the dungeon, and saw 10 of its levels.

You collected 491 gold pieces.
You spent 165 gold pieces at shops.

Inventory:

Hand Weapons
 q - a +2 short sword of venom (weapon)
Armour
 a - a +0 robe (worn)
 y - a +1 pair of gloves of archery (worn)
Jewellery
 u - a +4 ring of intelligence (left hand)
 v - a +4 amulet of reflection (around neck)
 M - a ring of protection from cold (right hand)
Wands
 e - a wand of acid (12/15)
 z - a wand of flame (22/48)
 B - a wand of confusion (33/48)
 E - a wand of confusion (39/48)
 I - a wand of paralysis (12/24)
 J - a wand of iceblast (9/15)
Scrolls
 d - 5 scrolls of identify
 f - 2 scrolls of amnesia
 k - 2 scrolls of teleportation
 l - 2 scrolls of remove curse
 m - a scroll of fear {unknown}
 p - a scroll of enchant armour {unknown}
 A - 3 scrolls of fog {unknown}
 C - a scroll of recharging {unknown}
 F - 2 scrolls of silence {unknown}
 G - a scroll of immolation {unknown}
 H - a scroll of enchant weapon {unknown}
Potions
 h - a potion of lignification {unknown}
 i - 2 potions of degeneration {unknown}
 j - a potion of heal wounds {unknown}
 n - a potion of mutation {unknown}
 o - 2 potions of brilliance {unknown}
 t - a potion of might {unknown}
 w - 2 potions of curing
 x - a potion of flight {unknown}
 D - 3 potions of haste
Books
 b - a book of Flames

   Spells                             Type                      Level
   a - Flame Tongue                   Conjuration/Fire             1
   b - Throw Flame                    Conjuration/Fire             2
   c - Conjure Flame                  Conjuration/Fire             3
   d - Inner Flame                    Hexes/Fire                   3
   e - Sticky Flame                   Conjuration/Fire             4
   f - Fireball                       Conjuration/Fire             5
 r - a book of Geomancy

   Spells                             Type                      Level
   a - Sandblast                      Earth                        1
   b - Passwall                       Transmutation/Earth          2
   c - Stone Arrow                    Conjuration/Earth            3
   d - Petrify                        Transmutation/Earth          4
   e - Lee's Rapid Deconstruction     Earth                        5
 K - a book of Frost

   Spells                             Type                      Level
   a - Freeze                         Ice                          1
   b - Throw Frost                    Conjuration/Ice              2
   c - Ozocubu's Armour               Charms/Ice                   3
   d - Throw Icicle                   Conjuration/Ice              4
   e - Summon Ice Beast               Ice/Summoning                4
Comestibles
 c - 7 bread rations
 g - 7 meat rations
 s - 3 royal jellies


   Skills:
 + Level 1.0 Fighting
 + Level 1.6 Short Blades
 + Level 5.2 Dodging
 + Level 4.1 Stealth
 + Level 11.2 Spellcasting
 + Level 8.6 Conjurations
 + Level 9.2 Fire Magic
 + Level 0.2 Ice Magic


You had 15 spell levels left.
You knew the following spells:

 Your Spells              Type           Power        Failure   Level  Hunger
a - Flame Tongue          Conj/Fire      #####        1%          1    None
b - Throw Flame           Conj/Fire      ######       1%          2    None
c - Conjure Flame         Conj/Fire      ######..     1%          3    None
d - Fireball              Conj/Fire      ######....   2%          5    ###....
e - Throw Frost           Conj/Ice       #####.       1%          2    None
f - Ozocubu's Armour      Chrm/Ice       ###.....     10%         3    None


Dungeon Overview and Level Annotations

Branches:
Dungeon (9/15)             Temple (1/1) D:5            Lair (0/6) D:8
    Orc: D:9-12

Altars:
Ashenzari
Dithmenos
Elyvilon
Fedhas
Kikubaaqudgha
Makhleb
Nemelex Xobeh
Okawaru
Qazlal
Sif Muna
Trog
Vehumet
Wu Jian
Xom
Yredelemnul
Zin
The Shining One

Shops:
D:4 *[*=


Message History

You feel as though you will be slow longer.
You feel sick. The hornet stings you.
You are more poisoned.
You feel as though you will be slow longer.
You can move again.
A soldier ant comes into view.
* * * LOW HITPOINT WARNING * * *
You feel very sick.
The soldier ant twitches its antennae in your direction.
The hornet misses you.
Casting: Fireball
Confirm with . or Enter, or press ? or * to list all spells.
Aiming: Fireball
Press: ? - help, Shift-Dir - straight line The fireball explodes!
The fireball engulfs the hornet.
The hornet is almost dead.
* * * LOW HITPOINT WARNING * * *
You feel very sick. The hornet stings you!
You die...

...# #.....# #.#### ...#
#.....# #....#
...#######.....###....#
......................#
...........########...#
.........##### #..#...#####
......#####[#.##..#.......#
......# #.#ay..#.......#
###...# #.##@.#.......#
..#...# #.#.#..#.#######
..#.... ## ##..#.# ..#
####'#'#.####### ..#
...........†......# ..#
...........††.....# ..#
..................# ###
.......<..........#
..................#


You could see a soldier ant and a hornet.

Vanquished Creatures
  A troll (D:9)
  Eustachio (D:6)
  A wyvern (D:9)
  A hungry ghost (D:4)
  2 orc warriors (D:8)
  2 porcupines (D:8)
  5 black bears
  4 ogres
  A phantom (D:5)
  3 ice beasts (D:8)
  3 sky beasts
  5 bullfrogs
  Blork the orc (D:6)
  6 killer bees
  2 howler monkeys
  4 wights (D:5)
  3 crimson imps
  A bullfrog zombie (D:5)
  A jelly (D:7)
  A quasit (D:7)
  6 hounds
  The ghost of namelastname112 the Sneak, a weakling FeWn (D:3)
  A bullfrog skeleton (D:6)
  4 orc priests
  10 orc wizards
  An iguana (D:8)
  A statue (D:5)
  3 worker ants
  2 killer bee zombies
  2 hound zombies (D:5)
  4 gnolls (D:7)
  5 adders
  A shadow imp (D:8)
  An ooze (D:1)
  An adder zombie (D:8)
  An adder skeleton (D:4)
  3 worms
  3 dart slugs
  5 leopard geckos
  22 orcs
  4 ball pythons
  4 giant cockroaches
  6 goblins
  8 hobgoblins
  5 jackals
  A quokka (D:3)
  4 bats
  3 frilled lizards
  7 kobolds
  A leopard gecko zombie (D:6)
  A quokka skeleton (D:7)
  2 quokka zombies (D:8)
  7 rats
178 creatures vanquished.

Notes
Turn   | Place    | Note
-------+----------+-------------------------------------------
     0 | D:1      | nikopol the Deep Elf Fire Elementalist began the quest for the Orb.
     0 | D:1      | Reached XP level 1. HP: 10/10 MP: 6/6
   193 | D:1      | Reached XP level 2. HP: 14/15 MP: 4/8
   705 | D:1      | Reached XP level 3. HP: 16/19 MP: 7/10
  1250 | D:2      | Reached skill level 4 in Spellcasting
  1387 | D:2      | Found a glowing silver altar of Zin.
  1437 | D:3      | Noticed namelastname112's ghost (weakling FeWn)
  1609 | D:2      | Learned a level 2 spell: Throw Flame
  1613 | D:2      | Learned a level 3 spell: Conjure Flame
  1760 | D:3      | Reached XP level 4. HP: 24/24 MP: 10/12
  1819 | D:3      | Killed namelastname112's ghost
  1954 | D:3      | Reached skill level 5 in Spellcasting
  1957 | D:3      | Reached XP level 5. HP: 28/28 MP: 0/14
  2367 | D:3      | Reached skill level 5 in Fire Magic
  2897 | D:4      | Reached XP level 6. HP: 32/32 MP: 8/16
  3001 | D:4      | Found Xoeblumid's General Store.
  3028 | D:4      | Found Canudwop's Jewellery Emporium.
  3040 | D:4      | Found a bloodstained altar of Trog.
  3104 | D:4      | Noticed a sky beast
  3112 | D:4      | Killed a sky beast
  3112 | D:4      | Reached skill level 6 in Spellcasting
  3249 | D:4      | Noticed a hungry ghost
  3257 | D:4      | Killed a hungry ghost
  3257 | D:4      | Reached XP level 7. HP: 36/36 MP: 8/18
  3360 | D:4      | Found Fikesot's Antique Armour Boutique.
  3391 | D:4      | Bought a pair of embroidered gloves for 165 gold pieces
  3402 | D:4      | Found Zuipah's General Store.
  3513 | D:5      | Entered Level 5 of the Dungeon
  3988 | D:5      | Learned a level 5 spell: Fireball
  4043 | D:5      | Found a staircase to the Ecumenical Temple.
  4059 | Temple   | Entered the Ecumenical Temple
  4216 | Temple   | Became a worshipper of Sif Muna the Loreminder
  4339 | D:5      | Reached skill level 7 in Spellcasting
  4660 | D:5      | Found a radiant altar of Vehumet.
  5056 | D:6      | Found an iron altar of Okawaru.
  5154 | D:6      | Noticed Blork the orc
  5166 | D:6      | Killed Blork the orc
  5406 | D:6      | Reached XP level 8. HP: 41/41 MP: 13/21
  5443 | D:6      | Reached skill level 5 in Conjurations
  5443 | D:6      | Reached skill level 8 in Spellcasting
  5718 | D:6      | Noticed Eustachio
  5728 | D:6      | Found a bloodstained altar of Trog.
  6199 | D:5      | Reached * piety under Sif Muna
  6496 | D:6      | Killed Eustachio
  6666 | D:6      | Found a shimmering altar of Xom.
  6739 | D:6      | Reached skill level 1 in Short Blades
  6739 | D:6      | Reached skill level 9 in Spellcasting
  7222 | D:7      | Reached XP level 9. HP: 46/46 MP: 15/24
  7373 | D:7      | Learned a level 2 spell: Throw Frost
  7392 | D:7      | Paralysed by an orc for 5 turns
  7495 | D:7      | Found a blossoming altar of Fedhas.
  8007 | D:8      | Found a burning altar of Makhleb.
  8058 | D:8      | Reached ** piety under Sif Muna
  8079 | D:8      | Reached skill level 1 in Fighting
  8097 | D:8      | Reached skill level 10 in Spellcasting
  8516 | D:8      | Learned a level 3 spell: Ozocubu's Armour
  8792 | D:8      | Reached skill level 5 in Dodging
  9017 | D:8      | Found a sparkling altar of Nemelex Xobeh.
  9114 | D:8      | Found a staircase to the Lair.
  9127 | D:8      | Reached XP level 10. HP: 52/52 MP: 10/26
  9472 | D:9      | Reached skill level 11 in Spellcasting
  9641 | D:9      | Reached *** piety under Sif Muna
  9701 | D:9      | Paralysed by a hornet for 3 turns
  9705 | D:9      | Slain by a hornet

Vault maps used:
D:1:      evilmike_arrival_hilbert_curve
D:2:      zin_scriptorium, first_bread
D:4:      lightli_temple_of_fire, serial_shops, nicolae_shop_statue_plus,
          kennysheep_mini_moat, nicolae_shop_stone, shop_coins
D:5:      vehumet_statue, temple_green
D:6:      okawaru_gym_becter, kennysheep_little_box, minmay_misc_feat_rows,
          trog_ov_bears_minmay, uniq_blork_the_orc, uniq_eustachio
D:7:      basic_altar
D:8:      cheibrodos_barr_body, lemuel_doored_altar, bloody_makhleb,
          grunt_lair_entry_orc_guard_hut
D:9:      nicolae_overflow_hidden_temple, hangedman_pestilent_swarm,
          nicolae_blasting_shop
Temple:   dpeg_chambers_temple

Skill      XL: |  1  2  3  4  5  6  7  8  9 10 |
---------------+-------------------------------+-----
Fire Magic     | 4 5 6 7 9 |  9.2
Spellcasting   | 4 5 6 7 9 10 11 | 11.2
Conjurations   | 2 3 4 6 8 |  8.6
Stealth        | 3 4 |  4.1
Dodging        | 3 4 5 |  5.2
Short Blades   | 1 |  1.6
Fighting       | 1 |  1.0
Ice Magic      | |  0.2

Action                   |  1- 3 |  4- 6 |  7- 9 | 10-12 || total
-------------------------+-------+-------+-------+-------++-------
Melee: Short sword       |       |       |    40 |       ||    40
 Cast: Flame Tongue      |    85 |    72 |   266 |    26 ||   449
       Conjure Flame     |       |     6 |    16 |     3 ||    25
       Throw Flame       |       |     8 |    75 |     1 ||    84
       Fireball          |       |       |     6 |     2 ||     8
       Ozocubu's Armour  |       |       |     1 |       ||     1
       Throw Frost       |       |       |       |     4 ||     4
  Use: Scroll            |       |       |     7 |       ||     7
  Eat: Chunk             |     2 |     5 |    14 |     1 ||    22
       Fruit             |       |       |     3 |       ||     3
       Royal jelly       |       |       |     1 |       ||     1
Armor: Robe              |    10 |     3 |    61 |       ||    74
Dodge: Dodged            |    25 |    11 |   156 |     2 ||   194
Block: Other             |       |       |     6 |     1 ||     7

Table legend:
 A = Spawn XP
 B = Non-spawn XP
 C = Spawn XP percentage of total XP
 D = Spawn monster count
 E = Non-spawn monster count
 F = Spawn count percentage of total count
 G = Total turns spent on level
                    A         B        C        D         E        F      G
               +---------+---------+-------+---------+---------+-------+---------
         Total |       0 |    6500 |   0.0 |       0 |     178 |   0.0 |  9705
               +---------+---------+-------+---------+---------+-------+---------
           D:1 |       0 |      48 |   0.0 |       0 |      25 |   0.0 |   841
           D:2 |       0 |      38 |   0.0 |       0 |      15 |   0.0 |   825
           D:3 |       0 |     202 |   0.0 |       0 |      21 |   0.0 |   847
           D:4 |       0 |     485 |   0.0 |       0 |      16 |   0.0 |  1000
           D:5 |       0 |     800 |   0.0 |       0 |      22 |   0.0 |  2033
           D:6 |       0 |     962 |   0.0 |       0 |      19 |   0.0 |  1396
           D:7 |       0 |     739 |   0.0 |       0 |      18 |   0.0 |  1035
           D:8 |       0 |    2400 |   0.0 |       0 |      35 |   0.0 |  1276
           D:9 |       0 |     826 |   0.0 |       0 |       7 |   0.0 |   253
               +---------+---------+-------+---------+---------+-------+---------
